 Dungeon Crawl Stone Soup version 0.26-a0-505-g732bf3b8d2 (webtiles) character file.

Game seed: 838382631795695881

37 ANON1729 the Sneak (level 3, 0/22 HPs)
             Began as a Kobold Brigand on Aug 9, 2020.
             Slain by a quokka (1 damage)
             ... on level 2 of the Dungeon.
             The game lasted 00:01:06 (1272 turns).

ANON1729 the Sneak (Kobold Brigand)                 Turns: 1272, Time: 00:01:06

Health: 0/22       AC:  3    Str:  8    XL:     3   Next: 62%
Magic:  3/3        EV: 15    Int: 12    God:
Gold:   60         SH:  0    Dex: 17    Spells: 2/2 levels left

rFire    . . .     SeeInvis .   a - +2 dagger
rCold    . . .     Faith    .   (shield restricted)
rNeg     . . .     Spirit   .   b - +0 robe
rPois    .         Reflect  .   (no helmet)
rElec    .         Harm     .   c - +0 cloak
rCorr    .                      (no gloves)
MR       .....                  (no boots)
Stlth    ++++......             (no amulet)
HPRegen  0.07/turn              (no ring)
MPRegen  0.08/turn              (no ring)

@: no status effects
A: small, nightstalker 3
a: no special abilities


You were on level 2 of the Dungeon.
You visited 1 branch of the dungeon, and saw 2 of its levels.

You collected 60 gold pieces.

Inventory:

Hand Weapons
 a - a +2 dagger (weapon)
Missiles
 d - 23 poisoned darts (quivered)
 e - 2 curare-tipped darts
Armour
 b - a +0 robe (worn)
 c - a +0 cloak (worn)
Scrolls
 g - a scroll of enchant weapon {unknown}
 h - a scroll of teleportation {unknown}
 i - a scroll of enchant armour {unknown}
 j - a scroll of identify {unknown}
 m - a scroll of immolation {unknown}
Potions
 f - a potion of heal wounds {unknown}
 k - a potion of ambrosia {unknown}
 l - a potion of stabbing {unknown}
 n - a potion of lignification {unknown}


   Skills:
 + Level 2.5 Fighting
 * Level 3.4 Short Blades
 + Level 2.6 Throwing
 + Level 1.9 Dodging
 * Level 5.8 Stealth


You had 2 spell levels left.
You didn't know any spells.
Your spell library was empty.

Dungeon Overview and Level Annotations

Branches:
Dungeon (2/15)

Altars:


Innate Abilities, Weirdness & Mutations

You are small and have problems with some larger weapons.
You are completely attuned to the shadows.


Message History

The quokka bites you.
* * * LOW HITPOINT WARNING * * *
You hit the quokka.
The quokka is almost dead.
The quokka bites you.
* * * LOW HITPOINT WARNING * * *
You closely miss the quokka.
The quokka is almost dead.
The quokka closely misses you.
You closely miss the quokka.
The quokka is severely wounded.
The quokka bites you.
* * * LOW HITPOINT WARNING * * *
You closely miss the quokka.
The quokka is severely wounded.
The quokka misses you.
You hit the quokka but do no damage.
The quokka is severely wounded.
The quokka bites you.
You die...

....#
#.#
....#
#.#
....#
#.#
....#
#.#
....#
#.#
....#
#.#####
....#
#.....#
...##
#####.#
#....
#@#
.....
#r#
....
#..
####


You could see a quokka.

Vanquished Creatures
  A worm (D:2)
  A dart slug (D:1)
  2 leopard geckos
  2 giant cockroaches
  4 goblins
  3 hobgoblins (D:1)
  4 kobolds
  A quokka (D:2)
  6 bats
  4 frilled lizards
  2 rats (D:1)
30 creatures vanquished.

Notes
Turn   | Place    | Note
-------+----------+-------------------------------------------
     0 | D:1      | ANON1729 the Kobold Brigand began the quest for the Orb.
     0 | D:1      | Reached XP level 1. HP: 12/12 MP: 1/1
   195 | D:1      | Reached XP level 2. HP: 18/18 MP: 2/2
   622 | D:1      | Reached XP level 3. HP: 22/22 MP: 3/3
  1270 | D:2      | HP: 1/22 [quokka (2)]
  1272 | D:2      | Slain by a quokka

Illustrated notes

Levels and vault maps discovered:
D:1:      heliophobic_arrival_glass_houses, layout_loops_ring
D:2:      layout_basic, lightli_temple_of_fire

Skill      XL: |  1  2 |
---------------+-------+-----
Short Blades   | 3 |  3.4
Fighting       | |  2.5
Throwing       | |  2.6
Dodging        | |  1.9
Stealth        | |  5.8

Action                   || total
-------------------------++-------
Melee: Dagger            ||   110
 Stab: Sleeping          ||    13
       Distracted        ||     1
Armor: Robe              ||    21
Dodge: Dodged            ||    74

Table legend: (Time is in decaauts)
 A = Elapsed time spent in this place.
 B = Non-inter-level travel time spent in this place.
 C = Inter-level travel time spent in this place.
 D = Time resting spent in this place.
 E = Time spent auto-exploring this place.
 F = Levels seen in this place.
 G = Mean time per level.
                   A        B        C        D        E       F      G
               +--------+--------+--------+--------+--------+-----+--------+
         Total |   1255 |   1220 |     35 |    125 |    901 |   2 |  627.5 |
       Dungeon |   1255 |   1220 |     35 |    125 |    901 |   2 |  627.5 |
               +--------+--------+--------+--------+--------+-----+--------+

Top non-repeatable levels by time:
     D:1: 940 daAuts
     D:2: 314 daAuts
